Map: [ESL] Cosmic Sapphire

Players

Ranger

  • Race: Protoss Protoss
  • Spawn Location: 11:00

Probe - Winner!

  • Race: Protoss Protoss
  • Spawn Location: 5:00

Event: DreamHack SC2 Masters 2022 Atlanta (Online)

VOD

Have the link to the VOD?

Description

Time

  • Played on: Sept. 30, 2022, 6:05 a.m.
  • Length: 8:56

All games in this series

Show
View Real Time Build Order
Export as new Build Order

Ranger Protoss 

Build Orders: Oracle Opening 

Get SALT Encoding   

  12  0:00  Probe  
  13  0:12  Probe  
  14  0:18  Pylon  
  14  0:24  Probe (Chrono Boost)  
  15  0:36  Probe (Chrono Boost)  
  15  0:38  Gateway  
  16  0:45  Probe (Chrono Boost)  
  16  0:46  Assimilator  
  17  0:51  Probe  
  17  0:55  Assimilator  
  18  1:03  Probe (Chrono Boost)  
  19  1:08  Gateway  
  19  1:13  Probe (Chrono Boost)  
  19  1:18  Probe (Chrono Boost)  
  20  1:25  Cybernetics Core  
  21  1:29  Probe  
  22  1:34  Pylon  
  22  1:41  Probe  
  23  1:53  Probe  
  24  2:01  Adept  
  24  2:02  Adept  
  24  2:03  Warp Gate  
  24  2:05  Probe  
  29  2:10  Pylon  
  29  2:25  Stargate  
  29  2:34  Stalker  
  31  2:38  Stalker  
  33  3:08  Oracle (Chrono Boost)  
  33  3:10  Nexus  
  36  3:17  Shield Battery  
  36  3:22  Probe  
  37  3:34  Probe  
  37  3:36  Pylon  
  38  3:54  Probe  
  39  4:00  Stalker x2  
  43  4:18  Phoenix (Chrono Boost), Probe  
  43  4:23  Twilight Council  
  44  4:25  Stalker  
  44  4:26  Probe, Stalker  
  44  4:30  Probe  
  47  4:38  Shield Battery  
  47  4:39  Probe  
  47  4:43  Probe  
  50  4:54  Stalker x2  
  54  5:00  Probe x2 (Chrono Boost)  
  54  5:03  Blink (Chrono Boost)  
  55  5:11  Probe (Chrono Boost)  
  55  5:12  Probe (Chrono Boost)  
  53  5:33  Probe x2  
  53  5:34  Stalker  
  53  5:35  Stalker  
  48  5:42  Gateway  
  48  5:45  Probe  
  48  5:47  Gateway, Probe  
  51  5:57  Probe  
  51  5:59  Probe, Stalker x2  
  51  6:03  Robotics Facility  
  56  6:09  Probe  
  56  6:10  Assimilator  
  58  6:11  Probe  
  58  6:14  Pylon  
  58  6:21  Probe  
  59  6:27  Pylon  
  59  6:31  Stalker  
  61  6:33  Stalker  
  61  6:34  Probe x2  
  61  6:38  Stalker  
  67  6:41  Stalker  
  69  6:51  Observer (Chrono Boost)  
  68  6:54  Probe  
  68  6:58  Stalker  
  68  6:59  Probe  
  67  7:06  Probe  
  66  7:11  Probe  
  66  7:13  Warp Prism (Chrono Boost)  
  69  7:19  Probe  
  70  7:23  Probe  
  70  7:25  Stalker x2  
  75  7:30  Pylon  
  75  7:31  Probe  
  75  7:37  Probe  
  75  7:40  Observer (Chrono Boost)  
  76  7:48  Stalker x3  
  82  7:52  Stalker  
  83  8:09  Probe  
  83  8:12  Stalker x2  
  77  8:14  Stalker  
  74  8:28  Stalker  
  70  8:37  Stalker x2  
  70  8:40  Stalker x2  
Show
View Real Time Build Order
Export as new Build Order

Probe Protoss - Winner!

Build Orders: Oracle Opening 

Get SALT Encoding   

  12  0:00  Probe  
  13  0:12  Probe  
  14  0:17  Pylon  
  14  0:25  Probe (Chrono Boost)  
  15  0:37  Probe (Chrono Boost)  
  15  0:39  Gateway  
  16  0:44  Probe (Chrono Boost)  
  16  0:46  Assimilator  
  17  0:51  Probe  
  17  0:54  Assimilator  
  18  1:03  Probe (Chrono Boost)  
  19  1:08  Gateway  
  19  1:12  Probe (Chrono Boost)  
  19  1:17  Probe (Chrono Boost)  
  21  1:26  Cybernetics Core  
  21  1:29  Probe  
  22  1:34  Pylon  
  22  1:41  Probe  
  23  1:53  Probe  
  24  2:03  Warp Gate (Chrono Boost), Stalker x2  
  24  2:06  Probe  
  29  2:14  Pylon  
  29  2:18  Probe  
  30  2:26  Pylon  
  30  2:30  Probe  
  30  2:33  Stalker  
  33  2:40  Stalker  
  35  2:49  Stargate  
  35  3:02  Shield Battery  
  35  3:16  Pylon  
  35  3:17  Nexus  
  35  3:25  Probe  
  36  3:29  Oracle (Chrono Boost)  
  39  3:37  Shield Battery, Probe  
  40  3:49  Probe  
  41  4:01  Probe  
  45  4:03  Stalker  
  45  4:06  Stalker  
  43  4:14  Probe  
  41  4:26  Probe (Chrono Boost)  
  41  4:29  Twilight Council  
  41  4:31  Probe (Chrono Boost)  
  43  4:38  Probe (Chrono Boost)  
  44  4:43  Probe (Chrono Boost)  
  45  4:47  Probe (Chrono Boost)  
  45  4:49  Probe (Chrono Boost)  
  45  4:52  Probe  
  47  4:57  Probe  
  49  5:04  Probe  
  49  5:07  Dark Shrine  
  50  5:09  Probe  
  51  5:15  Stalker  
  51  5:16  Probe  
  54  5:21  Probe  
  54  5:23  Stalker  
  54  5:28  Probe  
  54  5:33  Probe  
  50  5:40  Probe  
  51  5:45  Probe, Stalker  
  51  5:48  Pylon  
  54  5:53  Probe, Blink (Chrono Boost)  
  55  5:58  Probe  
  56  6:04  Shield Battery  
  56  6:05  Probe  
  56  6:10  Probe  
  58  6:11  Gateway  
  58  6:14  Assimilator  
  58  6:17  Probe  
  59  6:20  Dark Templar  
  59  6:22  Probe  
  62  6:30  Dark Templar  
  62  6:32  Probe  
  65  6:34  Gateway  
  65  6:39  Probe  
  66  6:44  Probe  
  67  6:51  Probe  
  68  6:55  Robotics Facility  
  68  6:56  Probe  
  69  7:03  Probe  
  68  7:08  Probe  
  68  7:12  Pylon x2  
  68  7:15  Probe, Pylon  
  70  7:22  Nexus  
  70  7:23  Shield Battery  
  70  7:25  Forge, Pylon  
  70  7:31  Pylon  
  70  7:33  Dark Templar  
  70  7:34  Stalker x2  
  74  7:39  Stalker  
  74  7:43  Observer (Chrono Boost)  
  77  7:50  Shield Battery  
  77  7:52  Shield Battery  
  77  7:53  Pylon  
  76  7:58  Stalker x2  
  76  8:01  Probe  
  81  8:12  Immortal (Chrono Boost), Stalker x2  
  83  8:27  Stalker x2  
  83  8:36  Stalker x2  
  78  8:52  Dark Templar  
Tags
 
Add a new tag
Caveats
  • Supply blocks, unpowered buildings, or Contaminate may cause inaccurate times.
  • Supply counts are checked every 10 seconds.